 Dungeon Crawl Stone Soup version 0.27.0-1-g7a089689b8 (webtiles) character file.

Game seed: 808219136046684044

28576 GordonOverkill the Geomancer (level 13, -3/81 HPs)
             Began as a Felid Necromancer on Aug 4, 2021.
             Was an Initiate of Gozag.
             Killed from afar by Nikola (46 damage)
             ... with an arc of chain lightning
             ... on level 1 of the Spider Nest.
             The game lasted 01:56:40 (46438 turns).

GordonOverkill the Geomancer (Felid Necromancer)   Turns: 46438, Time: 01:56:40

Health: -3/81      AC: 27    Str:  4    XL:     13   Next: 10%
Magic:  29/37      EV: 21    Int: 22    God:    Gozag
Gold:   1276       SH:  0    Dex: 18    Spells: 10/33 levels left
                                        Lives:  0   Deaths: 4

rFire    + + .     SeeInvis +     - Unarmed
rCold    . . .     Faith    .   (shield unavailable)
rNeg     + . .     Spirit   .   (armour unavailable)
rPois    ∞         Reflect  .   (helmet unavailable)
rElec    +         Harm     .   (cloak unavailable)
rCorr    .         Rampage  .   (gloves unavailable)
Will     ++...                  (boots unavailable)
Stlth    ++........             h - amulet of magic regeneration
HPRegen  0.23/turn              t - ring of Dyos Hol {rF+ MP+9 Int+2}
MPRegen  0.50/turn              I - ring of protection from fire

@: statue-form, gold aura, very slow
A: slow and powerful, torment resistance 1, boosted hp, very small, claws 1,
fangs 3, see invisible, (speed 1), (shaggy fur 3), stealthy paws, no weapons or
thrown items, no armour, multi-lived, (iridescent scales 1), deterioration 1,
strong-willed 1, screaming 1
a: End Transformation, Renounce Religion, Potion Petition, Call Merchant, Bribe
Branch


You were on level 1 of the Spider Nest.
You worshipped Gozag.
Gozag was most pleased with you.
You were a living statue of rough stone.
You visited 5 branches of the dungeon, and saw 25 of its levels.
You also visited: Gauntlet.

You collected 7221 gold pieces.
You spent 5802 gold pieces at shops.
You paid 143 gold pieces to Gozag.

Inventory:

Jewellery
 d - a ring of fire
 e - an amulet of regeneration
 h - an amulet of magic regeneration (around neck)
 m - a ring of positive energy
 t - the ring of Dyos Hol (left paw) {rF+ MP+9 Int+2}
   (You bought it in a shop on level 2 of the Orcish Mines)

   [ring of magical power]

   Int:       It affects your intelligence (+2).
   rF:        It protects you from fire.
   MP:        It affects your magic capacity (+9).
 v - a +4 ring of slaying
 x - a ring of poison resistance
 B - the ring "Ashunn" {rCorr Dex+2 Slay+4}
   (You found it in a Gauntlet)

   [ring of slaying]

   Dex:       It affects your dexterity (+2).
   Slay:      It affects your accuracy & damage with ranged weapons and melee
   (+4).
   rCorr:     It protects you from acid and corrosion.
 C - a ring of magical power
 D - a ring of fire
 I - a ring of protection from fire (right paw)
 N - a ring of protection from fire
 P - a ring of fire
Wands
 k - a wand of polymorph (16)
 r - a wand of flame (21)
 u - a wand of iceblast (28)
 z - a wand of digging (48)
 A - a wand of mindburst (13)
 E - a wand of paralysis (9)
 O - a wand of acid (30)
 T - a wand of charming (50)
Scrolls
 i - 6 scrolls of amnesia
 s - 9 scrolls of identify
 w - 2 scrolls of fear
 y - 2 scrolls of silence
 G - a scroll of vulnerability {unknown}
 H - a scroll of fog {unknown}
 M - a scroll of magic mapping
 U - a scroll of acquirement
Potions
 a - 10 potions of might
 b - 3 potions of attraction
 c - 4 potions of mutation
 f - 3 potions of ambrosia
 g - 7 potions of cancellation
 j - 8 potions of curing
 l - 5 potions of magic
 n - 3 potions of resistance
 o - 5 potions of flight
 p - a potion of lignification
 J - 5 potions of haste
 L - 2 potions of berserk rage
 S - a potion of brilliance
Miscellaneous
 q - a condenser vane (inert)
 F - a tin of tremorstones (inert)
 K - a phial of floods (inert)
 R - a phantom mirror (inert)


   Skills:
 + Level 11.1 Fighting
 - Level 7.0 Dodging
 - Level 2.6 Stealth
 + Level 10.8 Unarmed Combat
 + Level 10.5 Spellcasting
 - Level 4.0 Necromancy
 - Level 13.0 Transmutations
 * Level 13.6 Earth Magic
 + Level 5.2 Evocations


You had 10 spell levels left.
You knew the following spells:

 Your Spells              Type           Power      Damage    Failure   Level
a - Pain                  Necr           100%       1d9       1%          1
b - Vampiric Draining     Necr           14%        2d8       3%          3
c - Statue Form           Tmut/Erth      42%        N/A       3%          6
d - Petrify               Tmut/Erth      63%        N/A       1%          4
e - Borgnjor's Vile Clut  Necr/Erth      25%        N/A       4%          5
f - Blink                 Tloc           N/A        N/A       9%          2
g - Passwall              Tmut/Erth      52%        N/A       1%          2

Your spell library contained the following spells:

 Spells                   Type           Power      Damage    Failure   Level
 Animate Skeleton         Necr           58%        N/A       1%          1
 Spider Form              Tmut/Pois      20%        N/A       1%          3
 Lee's Rapid Deconstruct  Erth           32%        3d17*     1%          5
 Ice Form                 Ice/Tmut       40%        N/A       4%          4
 Corona                   Hex            12%        N/A       6%          1
 Magic Dart               Conj           44%        1d5       6%          1
 Shock                    Conj/Air       44%        1d5       6%          1
 Ensorcelled Hibernation  Hex/Ice        22%        N/A       9%          2
 Searing Ray              Conj           22%        3d3       9%          2
 Slow                     Hex            11%        N/A       9%          2
 Animate Dead             Necr           14%        N/A       11%         4
 Confusing Touch          Hex            11%        N/A       17%         3
 Frozen Ramparts          Ice            22%        1d4       17%         3
 Lesser Beckoning         Tloc           5%         N/A       17%         3
 Ozocubu's Armour         Ice            11%        N/A       17%         3
 Swiftness                Air            11%        N/A       17%         3
 Tukima's Dance           Hex            11%        N/A       17%         3
 Agony                    Necr           29%        N/A       30%         5
 Airstrike                Air            5%         N/A       50%         4
 Fulminant Prism          Conj/Hex       5%         3d7       50%         4
 Iskenderun's Mystic Bla  Conj/Tloc      11%        2d4       50%         4
 Summon Ice Beast         Ice/Summ       11%        N/A       50%         4
 Manifold Assault         Tloc           11%        N/A       85%         5
 Metabolic Englaciation   Hex/Ice        5%         N/A       85%         5
 Death Channel            Necr           14%        N/A       86%         6
 Simulacrum               Ice/Necr       10%        N/A       98%         6
 Invisibility             Hex            5%         N/A       100%        6
 Shadow Creatures         Summ           N/A        N/A       100%        6
 Malign Gateway           Summ/Tloc      5%         N/A       100%        7
 Summon Horrible Things   Summ           5%         N/A       100%        8


Dungeon Overview and Level Annotations

Branches:
Dungeon (15/15)            Temple (1/1) D:4            Lair (6/6) D:10
  Swamp (0/4) Lair:3       Spider (1/4) Lair:2        Slime (0/5) Lair:6
    Orc (2/2) D:12            Elf (0/3) Orc:2        Vaults (0/5) D:14
 Depths (0/5) D:15        Gauntlet (visited)

Altars:
Ashenzari
Cheibriados
Dithmenos
Elyvilon
Fedhas
Gozag
Hepliaklqana
Kikubaaqudgha
Makhleb
Nemelex Xobeh
Okawaru
Qazlal
Ru
Sif Muna
Trog
Uskayaw
Vehumet
Wu Jian
Xom
Yredelemnul
Zin
The Shining One
Beogh

Shops:
D:3 !   D:5 !   D:13 *   Orc:1 [*   Orc:2 =!([

Annotations:
D:5 2 transporters, Zaque's ghost, novice TrHu
Lair:4 1 runed translucent door, Wairalebb's ghost, journeyman BaFi
Spider:1 Nikola


Innate Abilities, Weirdness & Mutations

You are a living statue of rough stone.
Your actions are slow, but your melee attacks are powerful.
You are resistant to unholy torment.
Your maximum health is greatly increased.
You are immune to poison.
You have sharp claws.
You have razor-sharp teeth.
You have supernaturally acute eyesight. (SInv)
((You cover ground quickly. (Speed+)))
((Your thick and shaggy fur keeps you warm. (AC +3, rC+)))
Your paws help you pounce on unaware monsters.
You are incapable of wielding weapons or throwing items.
You cannot wear armour.
You gain extra lives every three experience levels.
((You are partially covered in iridescent scales. (AC +2)))
Your body sometimes deteriorates upon taking damage.
You are strong-willed. (Will+)
You occasionally shout uncontrollably at your foes.


Message History

Nikola hits you but does no damage.
A wolf spider comes into view.
You yowl at the wolf spider!
You hear an angry hiss.
You claw Nikola!
Nikola is moderately wounded.
Nikola hits you with a +0 rapier of electrocution.
You claw Nikola!
Nikola is heavily wounded.
A tarantella comes into view.
Nikola hits you with a +0 rapier of electrocution!
Nikola hits you but does no damage.
You mangle Nikola!!
Nikola is severely wounded.
Nikola hits you with a +0 rapier of electrocution!
You mangle Nikola!! You bite Nikola, but do no damage.
Nikola is severely wounded.
You hear an angry hiss.
The wolf spider barely misses you. The wolf spider completely misses you.
Nikola misses you. The wolf spider misses you.
The wolf spider bites you but does no damage.
The tarantella bites you but does no damage.
You claw Nikola!
Nikola is almost dead.
Nikola is no longer waterlogged.
The tarantella bites you but does no damage.
The wolf spider hits you.
* * * LOW HITPOINT WARNING * * *
The wolf spider bites you!
* * * LOW HITPOINT WARNING * * *
Nikola casts a spell.
Lightning arcs from Nikola's hands!
The bolt of lightning hits the tarantella!!!!
The tarantella dies!
A bolt of lightning appears from out of thin air!
The bolt of lightning hits Nikola!
The bolt of lightning hits you!!! You resist.
Ouch! That really hurt!
You die...
Your body crumbles into a pile of gold.

......# #.# .........
..# ......... #.##
.......... #..##
.........# #...##
.........# #....#
.........###^...##..#
............$8s...#
.........###@..s..# #
..........##≈≈....#
.# ####.....#.#^..#.#
..####.####..#.#####
..
.......####........
..
...........#.....## .
.........##.......#
........## ........


You could see Nikola, a wolf spider and a redback.

Vanquished Creatures
  Nessos (D:12)
  Azrael (D:14)
  A minotaur (Gauntlet)
  A fire dragon (D:15)
  Erolcha (D:10)
  5 hydras
  6 boulder beetles
  An ice dragon (D:15)
  A merfolk avatar (Lair:6)
  6 two-headed ogres
  5 centaur warriors
  A death scarab (Gauntlet)
  2 tengu warriors (D:14)
  Nergalle (Lair:2)
  4 skeletal warriors (D:14)
  2 sea snakes (Lair:6)
  A lindwurm (Lair:6)
  A deep elf pyromancer (D:13)
  3 wizards (Gauntlet)
  2 harpies (Lair:6)
  Pikel (D:3)
  6 orc knights
  An ugly thing (D:13)
  5 manticores
  14 elephants
  2 orc sorcerers (Orc:2)
  2 wolf spiders
  2 cyclopes
  An oklob plant (Orc:2)
  A centaur zombie (D:10)
  Maurice (D:9)
  2 black mambas
  A gargoyle (D:11)
  Joseph (D:9)
  3 torpor snails
  10 cane toads
  3 rime drakes (Lair:6)
  2 freezing wraiths
  2 unseen horrors (D:12)
  4 yaktaurs (D:15)
  3 kobold demonologists
  11 komodo dragons
  A tengu conjurer (D:14)
  An efreet (D:12)
  A jumping spider (Spider:1)
  4 trolls
  4 polar bears
  2 meliai (shapeshifter)
  7 slime creatures
  7 dream sheep
  A blink frog (Lair:6)
  3 redbacks (Lair:2)
  A shadow (D:11)
  A centaur simulacrum (D:14)
  A spriggan (shapeshifter) (D:12)
  A tarantella (Spider:1)
  2 vampires
  6 wyverns
  2 basilisks
  A wraith (D:9)
  7 fire elementals
  16 humans (D:14)
  49 yaks
  A steam dragon (Lair:6)
  A vampire mosquito (D:10)
  A redback simulacrum (D:15)
  3 wargs
  Menkaure (D:6)
  2 acid dragons
  22 water moccasins
  A hell hound (D:15)
  A spectral torpor snail (Gauntlet)
  A necrophage (D:5)
  7 black bears
  36 orc warriors
  A sky beast (D:7)
  10 ogres
  7 wolves
  A tengu (shapeshifter) (D:13)
  3 lemures (D:3)
  22 centaurs
  2 phantoms
  3 kobold brigands
  10 bullfrogs
  2 gnoll sergeants
  A water moccasin zombie (D:5)
  7 scorpions
  4 killer bees (D:9)
  8 wights
  6 howler monkeys
  A lava snake (D:8)
  2 hounds (D:4)
  9 orc priests
  2 centaur skeletons
  4 iguanas
  A bullfrog skeleton (D:5)
  5 hell rats (Lair:5)
  27 orc wizards
  A hound skeleton (D:4)
  10 gnolls
  2 howler monkey zombies (D:8)
  4 adders
  3 shadow imps (Gauntlet)
  4 white imps (Gauntlet)
  2 ufetubi
  A worm (D:4)
  107 orcs
  14 ball pythons
  8 bats
  4 endoplasms
  7 goblins
  6 hobgoblins
  9 jackals
  3 quokkas
  2 frilled lizards (D:1)
  18 kobolds
  A quokka skeleton (D:2)
  7 rats
670 creatures vanquished.

Vanquished Creatures (collateral kills)
  Harold (D:9)
  A yak (shapeshifter) (D:15)
  5 bushes (D:15)
7 creatures vanquished.

Vanquished Creatures (others)
  A tarantella (Spider:1)
  An orc warrior (Orc:2)
  An orc (D:13)
  9 bushes (D:15)
  73 fungi
  91 plants
176 creatures vanquished.

Grand Total: 853 creatures vanquished

Notes
Turn   | Place    | Note
-------+----------+-------------------------------------------
     0 | D:1      | GordonOverkill the Felid Necromancer began the quest for
                  | the Orb.
     0 | D:1      | Reached XP level 1. HP: 7/7 MP: 4/4
   290 | D:1      | Found a faded altar of an unknown god.
   356 | D:1      | Reached skill level 1 in Fighting
   424 | D:1      | Reached XP level 2. HP: 3/12 MP: 3/6
  1546 | D:1      | Reached XP level 3. HP: 13/16 MP: 6/8
  1550 | D:1      | Learned a level 3 spell: Vampiric Draining
  3414 | D:2      | Reached XP level 4. HP: 8/20 MP: 1/9
  3937 | D:3      | Identified a scroll of acquirement
  3937 | D:3      | Acquired a book of Sloth
  4780 | D:3      | Noticed a centaur
  4784 | D:3      | Killed a centaur
  4785 | D:3      | Reached skill level 1 in Transmutations
  4785 | D:3      | Reached skill level 1 in Earth Magic
  4785 | D:3      | Reached XP level 5. HP: 23/23 MP: 3/10
  5114 | D:3      | Found Hisyxy's Distillery.
  5121 | D:3      | Bought a potion of curing for 30 gold pieces
  5121 | D:3      | Bought a potion of degeneration for 10 gold pieces
  5191 | D:3      | Reached skill level 1 in Unarmed Combat
  5911 | D:4      | Gained mutation: You are covered in thick fur. (AC +2)
                  | [Felid growth]
  5911 | D:4      | Reached XP level 6. HP: 26/27 MP: 3/12
  6333 | D:4      | You fall into a shaft and drop 1 floor!
  6333 | D:5      | Entered Level 5 of the Dungeon
  6344 | D:5      | Found a transporter.
  6346 | D:5      | Noticed Zaque's ghost (novice TrHu)
  6895 | D:4      | Noticed Pikel
  7128 | D:3      | Killed Pikel
  7129 | D:3      | Reached XP level 7. HP: 30/31 MP: 1/14
  7136 | D:3      | Learned a level 6 spell: Statue Form
  7389 | D:4      | Found a staircase to the Ecumenical Temple.
  7552 | D:4      | Reached XP level 8. HP: 36/36 MP: 5/15
  7795 | D:4      | Learned a level 4 spell: Petrify
  8347 | D:4      | Found a staircase to the Ecumenical Temple.
  8724 | D:5      | Found a transporter.
  8821 | D:5      | Found Uxateut's Distillery.
  8898 | D:5      | Reached skill level 5 in Transmutations
  9249 | D:5      | Reached skill level 1 in Evocations
 10851 | D:6      | Reached skill level 5 in Earth Magic
 10919 | D:6      | Noticed Menkaure
 10974 | D:6      | Reached XP level 9. HP: 23/39 MP: 4/17
 11515 | D:5      | Reached skill level 5 in Spellcasting
 12982 | D:7      | Reached skill level 5 in Fighting
 13343 | D:7      | Found a sparkling altar of Nemelex Xobeh.
 14446 | D:7      | Found a sparkling altar of Nemelex Xobeh.
 16376 | D:8      | Noticed a kobold demonologist
 16388 | D:8      | Killed a kobold demonologist
 16389 | D:8      | Reached XP level 10. HP: 44/45 MP: 14/19
 16691 | D:8      | Reached skill level 5 in Unarmed Combat
 16787 | Temple   | Entered the Ecumenical Temple
 17069 | Temple   | Became a worshipper of Gozag Ym Sagoz the Greedy
 17332 | D:9      | Noticed Maurice
 17401 | D:9      | Killed Maurice
 17783 | D:9      | Noticed Joseph
 17804 | D:9      | Killed Joseph
 17983 | D:9      | Noticed Harold
 19351 | D:10     | Entered Level 10 of the Dungeon
 20517 | D:9      | Killed Harold
 20986 | D:9      | Reached XP level 11. HP: 24/49 MP: 19/21
 21314 | D:10     | Noticed Erolcha
 22769 | D:10     | Found a staircase to the Lair.
 23398 | D:10     | Reached skill level 10 in Transmutations
 23469 | D:11     | Noticed a two-headed ogre
 23485 | D:11     | Killed a two-headed ogre
 23799 | D:11     | Noticed a two-headed ogre
 23810 | D:11     | Killed a two-headed ogre
 24032 | D:11     | Noticed a two-headed ogre
 24065 | D:11     | Killed a two-headed ogre
 24335 | D:11     | Found a bloodstained altar of Trog.
 25606 | D:12     | Noticed a sixfirhy
 25608 | D:12     | Gained mutation: Your thick and shaggy fur keeps you warm.
                  | (AC +3, rC+) [Felid growth]
 25608 | D:12     | Reached XP level 12. HP: 54/54 MP: 18/24
 25869 | D:12     | Noticed a two-headed ogre
 25884 | D:12     | Killed a two-headed ogre
 26381 | D:12     | Found a staircase to the Orcish Mines.
 26388 | Orc:1    | Entered Level 1 of the Orcish Mines
 26388 | Orc:1    | Found Fiefics's Antique Armour Boutique.
 26643 | Orc:1    | Found Kusoaz's Overcharged Wands.
 27689 | Orc:2    | Entered Level 2 of the Orcish Mines
 28131 | Orc:2    | Found a staircase to the Elven Halls.
 28239 | Orc:2    | Reached skill level 5 in Dodging
 28247 | Orc:2    | Reached skill level 10 in Earth Magic
 28799 | Orc:2    | Gained mutation: You are strong-willed. (Will+) [potion of
                  | mutation]
 28799 | Orc:2    | Gained mutation: You occasionally shout uncontrollably at
                  | your foes. [potion of mutation]
 28799 | Orc:2    | Gained mutation: Your body sometimes deteriorates upon
                  | taking damage. [potion of mutation]
 28799 | Orc:2    | Gained mutation: You are partially covered in iridescent
                  | scales. (AC +2) [potion of mutation]
 28801 | Orc:2    | HP: 4/82 [smoke demon/divine providence[an orc sorcerer]
                  | (9)]
 28819 | Orc:2    | Killed from afar by an orc sorcerer
 28820 | Orc:2    | Reached XP level 11. HP: -4/76 MP: 20/23
 28822 | Orc:2    | Noticed an orc knight
 28824 | Orc:2    | Noticed an orc knight
 28843 | Orc:2    | HP: 2/51 [orc warrior/boomerang[an orc knight] (4)]
 28852 | Orc:2    | HP: 1/51 [orc warrior/boomerang[an orc knight] (3)]
 29154 | Orc:1    | HP: 1/66 [orc knight (7)]
 29155 | Orc:1    | Annihilated by an orc knight
 29156 | Orc:1    | Reached XP level 10. HP: -46/48 MP: 18/22
 29202 | Orc:1    | Found Kusoaz's Overcharged Wands.
 29210 | Orc:1    | Killed an orc knight
 29671 | Orc:2    | Killed an orc sorcerer
 29880 | Orc:2    | Noticed an orc sorcerer
 29903 | Orc:2    | Killed an orc sorcerer
 29904 | Orc:2    | Reached XP level 11. HP: 52/52 MP: 14/24
 30052 | Orc:1    | Killed an orc knight
 30961 | Orc:2    | Found Buxostaj's Weapon Shop.
 30961 | Orc:2    | Found Omuras's Distillery.
 30963 | Orc:2    | Found Delyaw's Jewellery Shoppe.
 30965 | Orc:2    | Found Laneyts's Antique Armour Boutique.
 30970 | Orc:2    | Bought a potion of cancellation for 112 gold pieces
 30970 | Orc:2    | Bought a potion of might for 56 gold pieces
 30970 | Orc:2    | Bought a potion of mutation for 112 gold pieces
 30970 | Orc:2    | Bought a potion of curing for 42 gold pieces
 30970 | Orc:2    | Bought a potion of curing for 42 gold pieces
 30970 | Orc:2    | Bought a potion of magic for 112 gold pieces
 30970 | Orc:2    | Bought a potion of might for 56 gold pieces
 30970 | Orc:2    | Bought a potion of curing for 42 gold pieces
 30970 | Orc:2    | Bought a potion of resistance for 140 gold pieces
 30972 | Orc:2    | Bought the ring of Dyos Hol {rF+ MP+9 Int+2} for 573 gold
                  | pieces
 31005 | Orc:2    | Noticed an oklob plant
 31015 | Orc:2    | Learned a level 5 spell: Borgnjor's Vile Clutch
 31087 | Orc:2    | Killed an oklob plant
 31846 | Lair:1   | Entered Level 1 of the Lair of Beasts
 32999 | Lair:2   | Noticed Nergalle
 33005 | Lair:2   | Killed Nergalle
 33153 | Lair:2   | Found a hole to the Spider Nest.
 33153 | Lair:2   | Noticed a wolf spider
 33163 | Lair:2   | Killed a wolf spider
 33968 | Lair:3   | Found a staircase to the Swamp.
 34109 | Lair:3   | Found a gate leading to a gauntlet.
 34118 | Gauntlet | Entered a Gauntlet
 34118 | Gauntlet | Found a transporter.
 34118 | Gauntlet | Found a transporter.
 34118 | Gauntlet | Found a transporter.
 34118 | Gauntlet | Noticed a fire crab
 34118 | Gauntlet | Noticed a wizard
 34123 | Gauntlet | Found a transporter.
 34130 | Gauntlet | Noticed a death scarab
 34132 | Gauntlet | Found a transporter.
 34134 | Gauntlet | Noticed a balrug
 34137 | Gauntlet | Found a transporter.
 34158 | Gauntlet | Found a transporter.
 34197 | Gauntlet | Found a transporter.
 34203 | Gauntlet | Noticed a wizard
 34212 | Gauntlet | Found a transporter.
 34222 | Gauntlet | Found a transporter.
 34227 | Gauntlet | Noticed a wizard
 34232 | Gauntlet | Found a transporter.
 34247 | Gauntlet | Found a transporter.
 34631 | Gauntlet | Killed a wizard
 34632 | Gauntlet | Reached XP level 12. HP: 56/56 MP: 24/25
 34650 | Gauntlet | Identified the +3 ring mail "Doshruz" {Int+3}
 34745 | Gauntlet | Identified the ring "Ashunn" {rCorr Dex+2 Slay+4}
 34784 | Gauntlet | Killed a death scarab
 34897 | Gauntlet | Noticed a minotaur
 34910 | Gauntlet | Killed a minotaur
 34920 | Gauntlet | Identified the +1 glaive of Valour {distort, Fragile Str+6
                  | Int+2}
 35140 | Lair:3   | You fall into a shaft and drop 3 floors!
 35140 | Lair:6   | Entered Level 6 of the Lair of Beasts
 35663 | Lair:6   | Noticed a boulder beetle
 35675 | Lair:6   | Killed a boulder beetle
 35743 | Lair:6   | Reached XP level 13. HP: 60/60 MP: 27/27
 35842 | Lair:6   | Found a staircase to the Slime Pits.
 36326 | Lair:6   | Identified the +8 long sword of Moujuhuc {flame, rElec}
 37113 | Lair:5   | Reached skill level 10 in Fighting
 38073 | Lair:4   | Learned a level 2 spell: Blink
 38076 | Lair:4   | Learned a level 2 spell: Passwall
 38239 | Lair:4   | Found a runed translucent door.
 38392 | Lair:4   | Noticed Wairalebb's ghost (journeyman BaFi)
 39613 | D:13     | Noticed Nessos
 39679 | D:12     | Killed Nessos
 39680 | D:12     | Reached skill level 10 in Unarmed Combat
 39760 | D:13     | Reached XP level 14. HP: 66/66 MP: 28/28
 40063 | D:13     | Found Ynnon's Assorted Antiques.
 40072 | D:13     | Bought a potion of ambrosia for 312 gold pieces
 40072 | D:13     | Bought a wand of iceblast (7) for 156 gold pieces
 40404 | D:10     | Killed Erolcha
 40519 | D:6      | Killed Menkaure
 40853 | D:3      | Bought a potion of curing for 30 gold pieces
 40853 | D:3      | Bought a potion of might for 40 gold pieces
 40853 | D:3      | Bought a potion of haste for 100 gold pieces
 40916 | D:5      | Bought a potion of might for 52 gold pieces
 40916 | D:5      | Bought a potion of might for 52 gold pieces
 40916 | D:5      | Bought a potion of ambrosia for 104 gold pieces
 40916 | D:5      | Bought a potion of heal wounds for 65 gold pieces
 40916 | D:5      | Bought a potion of resistance for 130 gold pieces
 40916 | D:5      | Bought a potion of curing for 39 gold pieces
 40916 | D:5      | Bought 2 potions of cancellation for 208 gold pieces
 40916 | D:5      | Bought a potion of mutation for 104 gold pieces
 40916 | D:5      | Bought a potion of mutation for 104 gold pieces
 40916 | D:5      | Bought a potion of magic for 104 gold pieces
 40916 | D:5      | Bought a potion of haste for 130 gold pieces
 40916 | D:5      | Bought a potion of curing for 39 gold pieces
 40916 | D:5      | Bought a potion of brilliance for 52 gold pieces
 40916 | D:5      | Bought a potion of berserk rage for 65 gold pieces
 40916 | D:5      | Bought a potion of curing for 39 gold pieces
 41106 | Orc:1    | Bought a wand of acid (25) for 986 gold pieces
 41106 | Orc:1    | Bought a wand of digging (15) for 646 gold pieces
 41106 | Orc:1    | Bought a wand of charming (25) for 459 gold pieces
 41106 | Orc:1    | Bought a wand of charming (25) for 459 gold pieces
 41177 | D:14     | Found a gate to the Vaults.
 41182 | D:14     | Reached skill level 10 in Spellcasting
 43020 | D:14     | Found a gate to the Vaults.
 43449 | D:15     | Entered Level 15 of the Dungeon
 43724 | D:15     | Shot with an arrow by a centaur warrior
 43725 | D:15     | Reached XP level 13. HP: -3/81 MP: 28/37
 43727 | D:15     | Noticed Azrael
 44473 | D:14     | Killed Azrael
 45104 | D:15     | Reached skill level 5 in Evocations
 45222 | D:15     | Found a staircase to the Depths.
 45258 | D:15     | Noticed a fire dragon
 45461 | D:15     | HP: 2/81 [fire dragon/blast of flame (5)]
 45465 | D:15     | Slain by a fire dragon
 45466 | D:15     | Reached XP level 12. HP: -3/117 MP: 23/36
 45530 | D:15     | Found a staircase to the Depths.
 45875 | D:15     | Killed a fire dragon
 45876 | D:15     | Reached XP level 13. HP: 63/63 MP: 24/28
 46240 | Spider:1 | Entered Level 1 of the Spider Nest
 46422 | Spider:1 | Noticed Nikola
 46438 | Spider:1 | Killed from afar by Nikola

Illustrated notes

Levels and vault maps discovered:
D:1:      psy_arrival_statuary, layout_basic, basic_ecumenical_altar,
          st_stairs_1
D:2:      layout_loops_cross, minmay_misc_feat_diagonals, grunt_ministairs_8
D:3:      minmay_door_path, layout_loops_cross, serial_shops, shop,
          minmay_misc_feat_five, minmay_liquid_box, minmay_cut_off
D:4:      cheibrodos_quashed, layout_cave_pools, minmay_temple_entry_grid,
          grunt_ministairs_1, uniq_pikel
D:5:      layout_rooms, gammafunk_ghost_mausoleum, serial_shops,
          nicolae_shop_crystal, minivault_27
D:6:      layout_cave_pods, uniq_menkaure
D:7:      layout_gridville, nemelex_diamond_rough_becter, serial_glass,
          glass_columns_a, glass_columns_a
D:8:      layout_basic, serial_curves, eino_curves_01, eino_curves_01,
          hangedman_abyss_or_decor_clamps, hangedman_abyss_or_decor_stagger,
          chequers_serial_rivers_micro_b, st_stairs_4, kennysheep_diamond,
          patterned_corridor
D:9:      layout_layer_cave, uniq_joseph, uniq_maurice, uniq_harold
D:10:     layout_long_grid, due_lair_maze_entry_diamond,
          small_statue_intersection, uniq_erolcha
D:11:     layout_irregular_city, trog_butcher_becter
D:12:     layout_small_grid, hiddenorc1_lemuel
D:13:     layout_big_octagon, serial_shops, shop,
          chequers_serial_rivers_micro_d, uniq_nessos
D:14:     layout_long_grid, david_vaults_3, minmay_misc_feat_doors
D:15:     grunt_enter_depths_hoard, layout_rooms, minmay_hedge_maze,
          nicolae_benzene_ring, uniq_azrael
Temple:   nicolae_temple_the_god_donut
Lair:1:   layout_regular_city
Lair:2:   layout_regular_city, spider_nest_entry_rubble, grunt_megastairs_1,
          lemuel_fruit_tree, infiniplex_staircase_pool, uniq_nergalle
Lair:3:   layout_long_grid, swamp_mist, gauntlet_entry_generic
Lair:4:   layout_cave_pods, ebering_ghost_reflecting_pool, grunt_megastairs_3
Lair:5:   layout_concentric_octagons, lemuel_fruit_fields, serial_bayou_shore_b,
          serial_bayou_shore_b
Lair:6:   gammafunk_lair_ancient_temple, layout_layer_cave, slime_dummy,
          nzn_sisyphean_effort
Spider:1: layout_chambers, uniq_nikola, uniq_agnes, uniq_donald
Orc:1:    nicolae_orc_accident_3, layout_caves, basic_altar, serial_shops,
          nicolae_shop_waterfront, nicolae_shop_overcharged_wands
Orc:2:    st_orc_rangers, layout_diamond_mine, mines3_lemuel

Skill      XL: |  1  2  3  4  5  6  7  8  9 10 11 12 13 14 |
---------------+-------------------------------------------+-----
Fighting       | 1 2 3 4 5 6 7 9 11 | 11.1
Spellcasting   | 3 4 5 8 7 9 10 | 10.5
Transmutations | 1 2 4 6 8 12 11 13 | 13.0
Earth Magic    | 1 3 5 6 7 9 11 12 13 | 13.6
Unarmed Combat | 1 2 3 4 6 8 9 10 | 10.8
Evocations     | 2 3 5 4 |  5.2
Dodging        | 6 7 |  7.0
Stealth        | |  2.6
Necromancy     | |  4.0

Action                   |  1- 3 |  4- 6 |  7- 9 | 10-12 | 13-15 || total
-------------------------+-------+-------+-------+-------+-------++-------
Melee: Unarmed           |     3 |    48 |   204 |   711 |   423 ||  1389
       Bite              |       |     2 |    19 |    56 |    46 ||   123
       Punch             |       |       |     3 |    23 |    18 ||    44
 Cast: Pain              |    95 |    60 |   130 |    93 |    11 ||   389
       Vampiric Draining |       |    23 |    56 |    38 |       ||   117
       Petrify           |       |       |    86 |   434 |   217 ||   737
       Statue Form       |       |       |       |    50 |    58 ||   108
       Blink             |       |       |       |       |     1 ||     1
 Abil: End Transformatio |       |       |       |     4 |     1 ||     5
Evoke: Wand              |       |     7 |    12 |    13 |       ||    32
       Condenser vane    |       |       |       |     2 |     2 ||     4
       Tin of tremorston |       |       |       |       |     4 ||     4
       Phial of floods   |       |       |       |       |     1 ||     1
       Phantom mirror    |       |       |       |       |     1 ||     1
  Use: Scroll            |     1 |     4 |     4 |    10 |     3 ||    22
       Potion            |       |     2 |     5 |    15 |     5 ||    27
 Stab: Paralysed         |       |    14 |     4 |       |       ||    18
       Petrified         |       |       |   118 |   360 |   107 ||   585
       Petrifying        |       |       |     8 |    33 |    33 ||    74
       Sleeping          |       |       |     3 |     2 |       ||     5
       Distracted        |       |       |       |     2 |     3 ||     5
       Held in net/web   |       |       |       |       |     1 ||     1
       Confused          |       |       |       |       |     2 ||     2
Armor: Skin              |     2 |     6 |    12 |   230 |   255 ||   505
Dodge: Dodged            |    31 |    94 |   139 |   711 |   675 ||  1650
